 Dungeon Crawl Stone Soup version 0.31-a0-1237-gabc64e778c (webtiles) character file.

Game seed: 5776289831915358194

1600 gruber the Frost Mage (level 8, -3/39 (52) HPs)
             Began as a Demonspawn Ice Elementalist on Dec 15, 2023.
             Slain by Blork the orc
             ... wielding a +2 short sword of draining
              (7 damage)
             ... on level 4 of the Dungeon.
             The game lasted 00:06:30 (3991 turns).

gruber the Frost Mage (Demonspawn Ice Elementalist) Turns: 3991, Time: 00:06:30

HP:   -3/39 (52)    AC:  7    Str: 21    XL:     8   Next: 62%
MP:   0/11          EV: 12    Int: 17    God:
Gold: 319           SH:  0    Dex: 14    Spells: 4/11 levels left

rFire   . . .        w - +0 whip (flame)
rCold   . . .        (no shield)
rNeg    . . .        s - +2 robe {Will+}
rPois   .            (helmet restricted)
rElec   .            u - +0 cloak
rCorr   .            (no gloves)
SInv    .            (no boots)
Will    +....        (no amulet)
Stlth   ++           n - +6 ring of strength
HPRegen 0.26/turn    r - +6 ring of strength
MPRegen 0.12/turn

%: no passive effects
@: freezing walls, very heavily drained
A: antennae 2, slimy green scales 1, demonic guardian 1, powered by death 2
a: no special abilities


You were on level 4 of the Dungeon.
You visited 1 branch of the dungeon, and saw 5 of its levels.

You collected 319 gold pieces.

Inventory:

Hand Weapons
 w - a +0 whip of flaming (weapon)
Missiles
 C - a curare-tipped dart
Armour
 o - a +0 buckler
 s - a +2 robe of willpower (worn)
 u - a +0 cloak (worn)
Magical Staves
 e - a staff of death
 i - a staff of conjuration
Jewellery
 k - a ring of flight
 n - a +6 ring of strength (left hand)
 r - a +6 ring of strength (right hand)
 B - a ring of protection from cold
Wands
 y - a wand of flame (15)
Scrolls
 c - 2 scrolls of identify {unknown}
 f - a scroll of torment {unknown}
 g - a scroll of butterflies {unknown}
 l - a scroll of enchant armour {unknown}
 m - a scroll of enchant weapon {unknown}
 t - a scroll of amnesia {unknown}
 v - 2 scrolls of revelation {unknown}
 x - 2 scrolls of poison {unknown}
 z - a scroll of fear {unknown}
Potions
 a - a potion of mutation {unknown}
 b - a potion of magic
 d - 2 potions of enlightenment {unknown}
 h - a potion of cancellation {unknown}
 j - a potion of degeneration {unknown}
 p - a potion of might {unknown}
 q - 4 potions of curing
 A - a potion of brilliance {unknown}


   Skills:
 * Level 3.7 Maces & Flails
 - Level 1.7 Dodging
 - Level 1.7 Stealth
 - Level 2.0 Spellcasting
 - Level 10.0 Ice Magic


You had 4 spell levels left.
You knew the following spells:

 Your Spells              Type           Power      Damage    Failure   Level
a - Freeze                Ice            100%       1d10      1%          1
b - Frozen Ramparts       Ice            70%        1d11      1%          3
c - Ozocubu's Armour      Ice            35%        N/A       1%          3

Your spell library contained the following spells:

 Spells                   Type           Power      Damage    Failure   Level
 Summon Ice Beast         Ice/Summ       18%        N/A       24%         4
 Summon Guardian Golem    Hex/Summ       1%         N/A       50%         3
 Sticky Flame             Conj/Fire      1%         2d3       88%         4
 Fireball                 Conj/Fire      0%         3d3       99%         5
 Plasma Beam              Fire/Air       0%         2x1d10    100%        6


Dungeon Overview and Level Annotations

Branches:
Dungeon (5/15)             Temple (0/1) D:5

Altars:
Qazlal
Sif Muna
Uskayaw

Annotations:
D:4 Blork the orc
D:5 Dowan


Innate Abilities, Weirdness & Mutations

You have a pair of antennae on your head.
You are partially covered in slimy green scales. (AC +2)
A weak demonic guardian rushes to your aid.
You regenerate health from kills.


Message History

The puff of frost misses your white imp.
The puff of frost hits you!
* * * LOW HITPOINT WARNING * * *
Your white imp hits Blork the orc.
Your white imp freezes Blork the orc.
Blork the orc resists.
Blork the orc barely misses your white imp.
Your white imp hits Blork the orc but does no damage.
Blork the orc points at your white imp and mumbles some strange words.
The magic dart hits your white imp!
Your white imp dies!
Your white imp disappears in a puff of smoke!
Blork the orc shouts!
Unknown command.
You see here a +0 club.
You start resting.
Blork the orc is nearby!
Casting: Freeze (safe; 1% risk of failure)
Confirm with . or Enter, or press ? or * to list all spells.
Casting: Frozen Ramparts (safe; 1% risk of failure)
Press: ? - help, Dir - look around, f - activate The walls around you are covered in ice.
Blork the orc completely resists.
The wall freezes Blork the orc but does no damage.
Unknown command.
Unknown command.
Casting: Frozen Ramparts (safe; 1% risk of failure)
Confirm with . or Enter, or press ? or * to list all spells.
Aiming: Freeze (safe; 1% risk of failure)
Press: ? - help, Shift-Dir - straight line, f - Blork the orc
Aim: Blork the orc, wielding a +2 short sword of draining and wearing a +2 robe of resistance (almost dead, fast)
You freeze Blork the orc.
Blork the orc resists.
Blork the orc is almost dead.
Blork the orc is no longer moving quickly.
Blork the orc resists.
The wall freezes Blork the orc.
Blork the orc gestures at you while chanting.
The puff of flame hits you but does no damage.
Blork the orc completely resists.
The wall freezes Blork the orc but does no damage.
Blork the orc hits you with a +2 short sword of draining!
You die...

###### ######.....
##########...##.....
#.o@................
###)########...##.....
#....#####............
#.#..##.##..)......###
#.#..##.##....†....#
#.#.)#..##.........#
#.#..#.............###
#.#..#................
#.#>........##........


You could see Blork the orc.

Vanquished Creatures
  Pikel (D:4)
  Sigmund (D:3)
  Duvessa (D:5)
  3 ogres
  A lemure (D:4)
  A phantom (D:4)
  A kobold brigand (D:5)
  A scorpion (D:5)
  2 howler monkeys (D:4)
  A jelly (D:4)
  Crazy Yiuf (D:3)
  3 hounds (D:5)
  A sleepcap (D:4)
  2 orc wizards (D:4)
  Ijyb (D:4)
  3 gnolls (D:5)
  A shadow imp (D:5)
  2 dart slugs (D:2)
  3 orcs
  9 ball pythons
  4 bats
  8 endoplasms
  3 giant cockroaches
  5 goblins
  5 hobgoblins
  4 jackals (D:4)
  11 kobolds
  A quokka (D:2)
  2 frilled lizards
  2 rats
84 creatures vanquished.

Vanquished Creatures (collateral kills)
  A white imp (D:5)
1 creature vanquished.

Grand Total: 85 creatures vanquished

Notes
Turn   | Place    | Note
-------+----------+-------------------------------------------
     0 | D:1      | gruber the Demonspawn Ice Elementalist began the quest for
                  | the Orb.
     0 | D:1      | Reached XP level 1. HP: 13/13 MP: 3/3
   354 | D:1      | Reached skill level 4 in Ice Magic
   381 | D:1      | Gained mutation: You have a pair of small antennae on your
                  | head. [demonic ancestry]
   381 | D:1      | Reached XP level 2. HP: 18/19 MP: 1/5
  1255 | D:2      | Gained mutation: A weak demonic guardian rushes to your
                  | aid. [demonic ancestry]
  1255 | D:2      | Reached XP level 3. HP: 3/24 MP: 0/6
  1417 | D:2      | Identified the +1 chain mail "Tipiked" {Harm Rampage Int-2}
  1549 | D:2      | Found a hide-covered altar of Uskayaw.
  1608 | D:2      | Learned a level 3 spell: Frozen Ramparts
  1705 | D:3      | Noticed Sigmund
  1820 | D:3      | Killed Sigmund
  1821 | D:3      | Reached skill level 6 in Ice Magic
  1821 | D:3      | Reached XP level 4. HP: 10/30 MP: 1/7
  1821 | D:3      | Gained mutation: You have a pair of antennae on your head.
                  | [demonic ancestry]
  1821 | D:3      | Reached XP level 5. HP: 12/35 MP: 1/8
  1947 | D:3      | Found a faded altar of an unknown god.
  1947 | D:3      | Found a shimmering blue altar of Sif Muna.
  1993 | D:3      | Got the Spellbook of Star-crossed Calefaction
  2158 | D:3      | Found a runed translucent door.
  2159 | D:3      | Noticed Crazy Yiuf
  2316 | D:3      | Found a stormy altar of Qazlal.
  2487 | D:3      | Killed Crazy Yiuf
  2611 | D:4      | Noticed an ogre
  2620 | D:4      | Killed an ogre
  2621 | D:4      | Gained mutation: You regenerate a little health from kills.
                  | [demonic ancestry]
  2621 | D:4      | Reached XP level 6. HP: 9/41 MP: 2/9
  2786 | D:4      | Noticed Pikel
  2807 | D:4      | Killed Pikel
  2808 | D:4      | Reached skill level 8 in Ice Magic
  2808 | D:4      | Gained mutation: You are partially covered in slimy green
                  | scales. (AC +2) [demonic ancestry]
  2808 | D:4      | Reached XP level 7. HP: 46/46 MP: 1/10
  2935 | D:4      | Reached skill level 9 in Ice Magic
  3196 | D:4      | Noticed Ijyb
  3203 | D:4      | Gained mutation: You regenerate health from kills. [demonic
                  | ancestry]
  3203 | D:4      | Reached XP level 8. HP: 46/52 MP: 7/11
  3205 | D:4      | Killed Ijyb
  3259 | D:4      | Learned a level 3 spell: Ozocubu's Armour
  3452 | D:5      | Entered Level 5 of the Dungeon
  3452 | D:5      | Noticed Blork the orc
  3452 | D:5      | Noticed Duvessa
  3766 | D:5      | Reached skill level 10 in Ice Magic
  3768 | D:5      | Found a staircase to the Ecumenical Temple.
  3792 | D:5      | Reached skill level 1 in Maces & Flails
  3919 | D:5      | Noticed Dowan
  3958 | D:5      | Killed Duvessa
  3991 | D:4      | Slain by Blork the orc

Illustrated notes

Levels and vault maps discovered:
D:1:      scummos_arrival_checkerplants, layout_basic
D:2:      layout_rooms, basic_altar, kennysheep_generic_room_6
D:3:      layout_rooms, mainiacjoe_overflow_paths,
          nicolae_overflow_crystal_walls, ebering_ecumenical_altar_ruins,
          uniq_crazy_yiuf_cottage, uniq_sigmund
D:4:      layout_basic, kennysheep_opposing_triangles, uniq_ijyb, uniq_pikel
D:5:      layout_basic, grunt_temple_overflow_cloverleaf,
          minmay_temple_entry_slanted, grunt_decor_one_mirror,
          uniq_blork_the_orc, uniq_duvessa, uniq_eustachio

Skill      XL: |  1  2  3  4  5  6  7  8 |
---------------+-------------------------+-----
Ice Magic      | 4 6 8 9 10 | 10.0
Maces & Flails | 3 |  3.7
Dodging        | |  1.7
Stealth        | |  1.7
Spellcasting   | |  2.0

Action                     |  1- 3 |  4- 6 |  7- 9 || total
---------------------------+-------+-------+-------++-------
  Melee: Falchion          |    36 |    15 |       ||    51
         Whip              |       |       |   106 ||   106
         Punch             |       |       |     3 ||     3
   Cast: Freeze            |    37 |    16 |    17 ||    70
         Frozen Ramparts   |     1 |     4 |     8 ||    13
         Ozocubu's Armour  |       |       |     4 ||     4
  Evoke: Wand              |       |       |     4 ||     4
    Use: Potion            |       |       |     2 ||     2
   Stab: Sleeping          |     1 |     1 |     1 ||     3
 Armour: Robe              |    36 |    14 |    81 ||   131
  Dodge: Dodged            |    42 |    17 |    70 ||   129

Table legend: (Time is in decaauts)
 A = Elapsed time spent in this place.
 B = Non-inter-level travel time spent in this place.
 C = Inter-level travel time spent in this place.
 D = Time resting spent in this place.
 E = Time spent auto-exploring this place.
 F = Levels seen in this place.
 G = Mean time per level.
                   A        B        C        D        E       F      G
               +--------+--------+--------+--------+--------+-----+--------+
         Total |   4011 |   3761 |    250 |    192 |   2860 |   5 |  802.2 |
       Dungeon |   4011 |   3761 |    250 |    192 |   2860 |   5 |  802.2 |
               +--------+--------+--------+--------+--------+-----+--------+

Top non-repeatable levels by time:
     D:1: 1032 daAuts
     D:4: 944 daAuts
     D:3: 853 daAuts
     D:2: 703 daAuts
     D:5: 478 daAuts
